 Dungeon Crawl Stone Soup version 0.28.0-53-g5a82cb258f (webtiles) character file.

Game seed: 9696513985764748614

3780 Revguard the Chopper (level 9, -27/103 HPs)
             Began as a Demonspawn Berserker on July 26, 2022.
             Was a Priest of Trog.
             Annihilated by Erolcha
             ... wielding a +0 giant spiked club
              (31 damage)
             ... on level 8 of the Dungeon.
             The game lasted 00:16:33 (9098 turns).

Revguard the Chopper (Demonspawn Berserker)         Turns: 9098, Time: 00:16:34

Health: -27/103    AC: 19    Str: 19    XL:     9   Next: 95%
Magic:  9/9        EV:  9    Int: 12    God:    Trog [***...]
Gold:   433        SH:  5    Dex: 14    Spells: 8/8 levels left

rFire   . . .      SeeInvis .   w - +2 battleaxe (elec)
rCold   + + .      Faith    .   (shield currently unavailable)
rNeg    + . .      Spirit   .   n - +2 chain mail {rC+}
rPois   .          Reflect  +   (no helmet)
rElec   .          Harm     .   (no cloak)
rCorr   .          Rampage  .   (no gloves)
Will    ++...                   l - +0 pair of boots
Stlth   ..........              e - amulet of reflection
HPRegen 1.27/turn               t - ring of Grace {rC+ AC+4 Int+3 Dex-3}
MPRegen 0.11/turn               q - ring of positive energy

@: mighty, berserking (expiring), lethally poisoned (-27 -> -27), strong-willed,
regenerating, very quick
A: yellow scales 1, powered by pain 1, weakness stinger 2, strong 1, MP-powered
wands
a: Renounce Religion, Berserk, Trog's Hand


You were on level 8 of the Dungeon.
You worshipped Trog.
Trog was most pleased with you.
You visited 1 branch of the dungeon, and saw 9 of its levels.
You also visited: Sewer.

You collected 433 gold pieces.

Inventory:

Hand Weapons
 m - a +3 antimagic hand axe
 v - a +2 hand axe of electrocution
 w - a +2 battleaxe of electrocution (weapon)
Armour
 l - a +0 pair of boots (worn)
 n - a +2 chain mail of cold resistance (worn)
Jewellery
 e - an amulet of reflection (around neck)
 o - a ring of flight
 q - a ring of positive energy (right hand)
 t - the ring of Grace (left hand) {rC+ AC+4 Int+3 Dex-3}
   (You found it on level 5 of the Dungeon)

   [ring of protection]

   AC:        It affects your AC (+4).
   Int:       It affects your intelligence (+3).
   Dex:       It affects your dexterity (-3).
   rC:        It protects you from cold.
Wands
 j - a wand of iceblast (10)
Scrolls
 a - a scroll of noise
 d - a scroll of silence
 f - a scroll of teleportation
 g - 3 scrolls of magic mapping
 r - a scroll of fear
Potions
 b - 2 potions of attraction {unknown}
 c - 2 potions of brilliance
 h - a potion of flight
 i - 3 potions of curing
 k - 2 potions of heal wounds
 p - a potion of haste
 u - a potion of might {unknown}
 x - 2 potions of magic {unknown}


   Skills:
 + Level 6.1 Fighting
 * Level 7.5 Axes
 * Level 7.2 Armour
 + Level 5.1 Dodging
 + Level 5.3 Evocations


You had 8 spell levels left.
You didn't know any spells.
Your spell library was empty.

Dungeon Overview and Level Annotations

Branches:
Dungeon (9/15)             Temple (0/1) D:7           Sewer (visited)
   Lair: D:8-11         Orc: D:9-12

Altars:
Ashenzari
Cheibriados
Dithmenos
Fedhas
Gozag
Nemelex Xobeh
Trog
Uskayaw
Vehumet
Wu Jian

Shops:
D:2 [

Annotations:
D:8 Erolcha


Innate Abilities, Weirdness & Mutations

You are partially covered in yellow scales. (AC +2)
You sometimes gain a little power by taking damage.
You have a tail ending in a sharp stinger.
Your muscles are strong. (Str +2)
You expend magic power (3 MP) to strengthen your wands.


Message History

A wyvern zombie comes into view.
You miss the killer bee.
The killer bee is heavily wounded.
You miss the killer bee.
You feel sick.
The killer bee stings you but does no damage.
The killer bee closely misses you. The killer bee barely misses you. x2
You miss the killer bee.
The killer bee is heavily wounded.
You miss the killer bee.
You feel sick. You block the killer bee's attack.
The killer bee stings you but does no damage. x2
The killer bee stings you.
You are more poisoned.
The killer bee poisons you!
You feel sick. The killer bee barely misses you.
The killer bee stings you but does no damage.
You climb upwards.
Reactivating autopickup.
You feel a strong urge to attack something.
You feel sick.
There is a stone staircase leading down here.
Deactivating autopickup; reactivate with Ctrl-A.
You barely miss something. You closely miss the killer bee.
You slash the killer bee!
You feel sick. The killer bee completely misses you.
The killer bee stings you but does no damage.
Something hits you!!
* * * LOW HITPOINT WARNING * * *
You focus on the pain.
You feel very mighty all of a sudden.
The killer bee stings you but does no damage.
You block the killer bee's attack.
You are too berserk!
You closely miss something. You slash the killer bee!
You kill the killer bee!
Trog accepts your kill.
You closely miss the killer bee.
You feel sick. The killer bee stings you.
* * * LOW HITPOINT WARNING * * *
You block something's attack. You block the killer bee's attack.
You closely miss something. You miss the killer bee.
You feel sick. You block the killer bee's attack. Something hits you!!
You die...

.#......#########.###
.........##.#..(....#
##.#####.##.#.<.[...#
##.# #....#.......#
##.#####....<.......#
............###...#.#
###......)#.# ##.##.#
# #.####.##.####†##.#
###.####.##.#..y@##.#
.......))##..###{##.#
#..#....)##..# #.##.#
#........##..###.##.#
.........##.#....##(#
#.......###.##.#>##.#
........#...##.#.##.#
........#.####.#.##.#
...#..###.# #......#


You could see a killer bee.

Vanquished Creatures
  An ugly thing (D:8)
  A troll (D:7)
  Sigmund (D:3)
  A wyvern (D:8)
  A steam dragon (D:7)
  Edmund (D:4)
  An orc warrior (D:8)
  A sky beast (D:6)
  A black bear (D:5)
  2 necrophages
  A centaur (D:7)
  2 kobold brigands
  3 bullfrogs
  2 scorpions (D:6)
  A water moccasin zombie (D:3)
  2 wyvern skeletons
  2 water moccasin skeletons
  9 killer bees
  5 howler monkeys
  3 jellies
  An orc priest (D:8)
  5 hounds
  A bullfrog skeleton (D:5)
  3 iguanas
  6 orc wizards
  A howler monkey skeleton (D:7)
  13 adders
  5 river rats (Sewer)
  A white imp (D:6)
  An ufetubus (D:6)
  7 worms
  4 dart slugs
  23 orcs
  13 endoplasms
  2 giant cockroaches
  5 hobgoblins
  5 quokkas
  8 ball pythons
  7 bats
  4 frilled lizards
  3 goblins
  13 kobolds
  13 rats
185 creatures vanquished.

Vanquished Creatures (others)
  A wizard (D:8)
1 creature vanquished.

Grand Total: 186 creatures vanquished

Notes
Turn   | Place    | Note
-------+----------+-------------------------------------------
     0 | D:1      | Revguard the Demonspawn Berserker began the quest for the
                  | Orb.
     0 | D:1      | Reached XP level 1. HP: 18/18 MP: 1/1
   315 | D:1      | Gained mutation: You have a small tail. [demonic ancestry]
   315 | D:1      | Reached XP level 2. HP: 18/24 MP: 2/2
   793 | D:1      | Reached XP level 3. HP: 29/29 MP: 3/3
  1177 | D:1      | Reached ** piety under Trog
  1228 | D:1      | Reached skill level 1 in Evocations
  1732 | D:2      | You fall into a shaft and drop 2 floors!
  1794 | D:4      | Reached XP level 4. HP: 35/35 MP: 4/4
  1937 | D:4      | Found a blossoming altar of Fedhas.
  2068 | D:4      | Found a radiant altar of Vehumet.
  2249 | D:4      | Noticed Edmund
  2262 | D:4      | Killed Edmund
  2263 | D:4      | Gained mutation: You are partially covered in yellow
                  | scales. (AC +2) [demonic ancestry]
  2263 | D:4      | Reached XP level 5. HP: 33/41 MP: 1/5
  2479 | D:3      | Found a glowing drain.
  2504 | Sewer    | Entered a sewer
  2861 | Sewer    | Gained mutation: You have a tail ending in a sharp stinger.
                  | [demonic ancestry]
  2861 | Sewer    | Reached XP level 6. HP: 47/47 MP: 2/6
  3664 | Sewer    | Reached *** piety under Trog
  3971 | D:3      | Noticed Sigmund
  3977 | D:3      | Killed Sigmund
  3978 | D:3      | Reached XP level 7. HP: 54/54 MP: 2/7
  4240 | D:3      | Found a faded altar of an unknown god.
  4718 | D:2      | Found Haqaasae's Armour Shoppe.
  5255 | D:5      | Entered Level 5 of the Dungeon
  5264 | D:5      | Reached skill level 5 in Axes
  5383 | D:5      | Found a shadowy altar of Dithmenos.
  5395 | D:5      | Reached XP level 8. HP: 41/61 MP: 2/8
  5736 | D:5      | Identified the ring of Grace {rC+ AC+4 Int+3 Dex-3}
  5901 | D:5      | Found an ornate altar of the Wu Jian Council.
  5908 | D:5      | Found a broken altar of Ashenzari.
  5912 | D:5      | Found a snail-covered altar of Cheibriados.
  5940 | D:5      | Reached skill level 5 in Armour
  6779 | D:6      | Reached skill level 5 in Fighting
  7381 | D:6      | Gained mutation: You sometimes lose the ability to read
                  | scrolls when taking damage. [potion of mutation]
  7381 | D:6      | Gained mutation: You are partially covered in large bone
                  | plates. (SH +4) [potion of mutation]
  7382 | D:6      | Lost mutation: You sometimes lose the ability to read
                  | scrolls when taking damage. [potion of mutation]
  7382 | D:6      | Lost mutation: You are partially covered in large bone
                  | plates. (SH +4) [potion of mutation]
  7382 | D:6      | Gained mutation: You do not regenerate when monsters are
                  | visible. [potion of mutation]
  7382 | D:6      | Gained mutation: Your body sometimes deteriorates upon
                  | taking damage. [potion of mutation]
  7383 | D:6      | Lost mutation: You do not regenerate when monsters are
                  | visible. [potion of mutation]
  7383 | D:6      | Lost mutation: Your body sometimes deteriorates upon taking
                  | damage. [potion of mutation]
  7383 | D:6      | Gained mutation: Your muscles are strong. (Str +2) [potion
                  | of mutation]
  7383 | D:6      | Gained mutation: You expend magic power (3 MP) to
                  | strengthen your wands. [potion of mutation]
  7410 | D:7      | Gained mutation: You sometimes gain a little power by
                  | taking damage. [demonic ancestry]
  7410 | D:7      | Reached XP level 9. HP: 55/68 MP: 3/9
  7508 | D:7      | Reached **** piety under Trog
  7681 | D:7      | Found a hide-covered altar of Uskayaw.
  7888 | D:7      | Noticed a troll
  7901 | D:7      | Killed a troll
  8058 | D:7      | Found a staircase to the Ecumenical Temple.
  8291 | D:7      | Found a sparkling altar of Nemelex Xobeh.
  8291 | D:7      | Found an opulent altar of Gozag.
  8396 | D:8      | Noticed a white ugly thing
  8409 | D:8      | Killed a white ugly thing
  8410 | D:8      | Reached skill level 5 in Dodging
  8410 | D:8      | Reached skill level 5 in Evocations
  8456 | D:8      | Found a bloodstained altar of Trog.
  9047 | D:8      | Noticed a wizard
  9049 | D:8      | Killed a wizard
  9081 | D:9      | Noticed Erolcha
  9097 | D:8      | HP: 4/103 [killer bee (5)]
  9098 | D:8      | Annihilated by Erolcha

Illustrated notes

Levels and vault maps discovered:
D:1:      minmay_arrival_four_circles, layout_basic
D:2:      layout_loops_ring, serial_shops, nicolae_shop_crystal
D:3:      layout_basic, shapermc_ecumenical_altar_acropolis,
          cheibrodos_sewer_entry_sluice, uniq_sigmund
D:4:      layout_rooms, mainiacjoe_overflow_24_doors,
          mainiacjoe_overflow_alcove_2, uniq_edmund
D:5:      layout_loops_ring, minitemple, nicolae_dithmenos_the_darkroom,
          lemuel_flame_loot_1
D:6:      layout_gridville
D:7:      layout_basic, grunt_temple_overflow_opulence,
          nicolae_uskayaw_murder_on_the_dancefloor, minmay_temple_entry_hall,
          palyth_stone_intersect
D:8:      layout_loops_ring, trog_wizard
D:9:      minmay_flawed_box, layout_rooms, lair_entry_dummy, orc_david_3,
          serial_shops, nicolae_stop_n_shop_1, gammafunk_ghost_stat_death,
          minmay_microvault, uniq_erolcha, uniq_maggie

Skill      XL: |  1  2  3  4  5  6  7  8  9 |
---------------+----------------------------+-----
Armour         | 2 3 4 5 7 |  7.2
Axes           | 3 4 5 6 7 |  7.5
Dodging        | 2 3 4 5 |  5.1
Evocations     | 1 2 3 4 5 |  5.3
Fighting       | 4 5 6 |  6.1

Action                   |  1- 3 |  4- 6 |  7- 9 || total
-------------------------+-------+-------+-------++-------
Melee: Hand axe          |   121 |   213 |   317 ||   651
       Tailslap          |     9 |    30 |    59 ||    98
       Punch             |       |     2 |     2 ||     4
       Battleaxe         |       |       |    18 ||    18
Invok: Berserk           |     1 |     2 |     3 ||     6
       Trog's Hand       |       |     2 |     3 ||     5
  Use: Scroll            |       |     9 |     5 ||    14
       Potion            |       |     3 |     3 ||     6
Armor: Animal skin       |     4 |       |       ||     4
       Chain mail        |    52 |   112 |   247 ||   411
Dodge: Dodged            |    68 |    80 |   164 ||   312
Block: Other             |       |     2 |    96 ||    98
       Reflection        |       |       |     1 ||     1
